 Dungeon Crawl Stone Soup version 0.26-a0-466-g989023bd0d (webtiles) character file.

Game seed: 7592603059937572970

2047138 bmfx the Sorcerer (level 27, 254/254 HPs)
             Began as a Palentonga Fire Elementalist on Aug 2, 2020.
             Was the Champion of Vehumet.
             Escaped with the Orb
             ... and 4 runes!
             The game lasted 02:36:00 (93708 turns).

bmfx the Sorcerer (Palentonga Fire Elementalist)   Turns: 93708, Time: 02:36:01

Health: 254/254    AC: 36    Str: 20    XL:     27
Magic:  52/52      EV: 10    Int: 28    God:    Vehumet [******]
Gold:   5040       SH: 16    Dex: 10    Spells: 31/77 levels left

rFire    + + +     SeeInvis +   f - staff of wizardry {!a}
rCold    + . .     Faith    .   a - +5 kite shield {AC+3}
rNeg     + . .     Spirit   .   x - +9 ring mail of Otzun {rPois rN+ Str+3 Stlth-}
rPois    +         Reflect  .   (helmet restricted)
rElec    +         Harm     .   P - +2 cloak {MR+}
rCorr    .                      Z - +3 pair of gauntlets of War {Slay+5}
MR       +++..                  o - +4 barding {rF+}
Stlth    ..........             d - amulet of magic regeneration
HPRegen  0.52/turn              O - ring of Bacad {rF+ rC+}
MPRegen  0.58/turn              D - ring of Surprise {rElec rF+}

@: no status effects
A: large, antennae 1, rugged brown scales 3, see invisible, clever 1, deformed
body, screaming 1, strong 1, roll, armoured tail
0: Orb of Zot
}: 4/15 runes: decaying, serpentine, slimy, silver
a: Rolling Charge, Renounce Religion


You escaped.
You worshipped Vehumet.
Vehumet was exalted by your worship.
You visited 12 branches of the dungeon, and saw 58 of its levels.
You visited 1 bazaar.
You also visited: Ice Cave.

You collected 10576 gold pieces.
You spent 5536 gold pieces at shops.


Innate Abilities, Weirdness & Mutations

You are completely covered in rugged brown scales. (AC +3, +7% HP)
You have supernaturally acute eyesight. (SInv)
Armour fits poorly on your strangely shaped body.
You can roll at foes to attack.
You have a long armoured tail.
You have a pair of small antennae on your head.
Your mind is acute. (Int +2)
You occasionally shout uncontrollably at your foes.
Your muscles are strong. (Str +2)

Dungeon Overview and Level Annotations

Branches:
Dungeon (15/15)            Temple (1/1) D:6            Lair (6/6) D:10
  Swamp (4/4) Lair:2        Snake (4/4) Lair:4        Slime (5/5) Lair:6
    Orc (2/2) D:11            Elf (3/3) Orc:2        Vaults (5/5) D:13
  Crypt (3/3) Vaults:3       Tomb (0/3) Crypt:3      Depths (5/5) D:15
    Zot (5/5) Depths:5      IceCv (visited)

Altars:
Ashenzari
Dithmenos
Kikubaaqudgha
Nemelex Xobeh
Qazlal
Sif Muna
Vehumet
Wu Jian
Xom
Yredelemnul
Zin
The Shining One
Beogh
Jiyva

Shops:
D:8 *   D:10 !   D:11 *   Orc:2 *?}:   Elf:1 !   Elf:2 *   Vaults:2 ?
Vaults:4 ?   Depths:3 *

Portals:
Hell: Depths:1 Depths:2 Depths:3 Depths:4 Depths:5
Abyss: Crypt:2 Depths:4
Pandemonium: Depths:3
Ziggurat: Depths:3

Annotations:
Elf:2 3 runed translucent doors


   Skills:
 - Level 24.1 Fighting
 - Level 8.0 Armour
 - Level 8.0 Dodging
 - Level 1.2 Stealth
 - Level 9.0 Shields
 + Level 25.7 Spellcasting
 - Level 7.1 Conjurations
 - Level 8.0 Translocations
 - Level 5.0 Fire Magic
 - Level 24.0 Ice Magic
 - Level 5.0 Evocations


You had 31 spell levels left.
You knew the following spells:

 Your Spells              Type           Power        Failure   Level
a - Apportation           Tloc           ######       1%          1
b - Blink                 Tloc           N/A          1%          2
A - Absolute Zero         Ice            ########..   1%          9
B - Ozocubu's Refrigerat  Ice            ########..   0%          6
C - Irradiate             Conj/Tmut      ######....   1%          5
D - Ozocubu's Armour      Ice            ########     0%          3
E - Fireball              Conj/Fire      ######....   1%          5
F - Mephitic Cloud        Conj/Pois/Air  #####...     1%          3
G - Sticky Flame          Conj/Fire      ######..     1%          4
H - Ignition              Fire           ######....   65%         8

Your spell library contained the following spells:

 Spells                   Type           Power        Failure   Level
 Shatter                  Erth           #####.....   100%        9
 Tornado                  Air            #####.....   100%        9
 Freeze                   Ice            ####         0%          1
 Ensorcelled Hibernation  Hex/Ice        ######       0%          2
 Hailstorm                Conj/Ice       #######.     0%          4
 Corona                   Hex            #####..      1%          1
 Foxfire                  Conj/Fire      ####         1%          1
 Sandblast                Erth           #####.       1%          1
 Shock                    Conj/Air       ####         1%          1
 Summon Small Mammal      Summ           ####         1%          1
 Call Imp                 Summ           #####...     1%          2
 Corpse Rot               Necr/Air       N/A          1%          2
 Passwall                 Tmut/Erth      #####...     1%          2
 Poisonous Vapours        Pois/Air       #####.       1%          2
 Slow                     Hex            #####...     1%          2
 Sublimation of Blood     Necr           #####.....   1%          2
 Swiftness                Air            #####...     1%          2
 Call Canine Familiar     Summ           #####...     1%          3
 Confusing Touch          Hex            #####...     1%          3
 Conjure Flame            Conj/Fire      ######..     1%          3
 Dazzling Flash           Conj/Hex       ######       1%          3
 Gell's Gravitas          Tloc           ######....   1%          3
 Ignite Poison            Fire/Tmut/Pois #####...     1%          3
 Inner Flame              Hex/Fire       ######..     1%          3
 Lesser Beckoning         Tloc           ######....   1%          3
 Portal Projectile        Hex/Tloc       ######       1%          3
 Static Discharge         Conj/Air       ######..     1%          3
 Stone Arrow              Conj/Erth      ######       1%          3
 Summon Guardian Golem    Hex/Summ       #####...     1%          3
 Teleport Other           Tloc           ######..     1%          3
 Tukima's Dance           Hex            #####...     1%          3
 Airstrike                Air            #####.....   1%          4
 Fulminant Prism          Conj/Hex       ######....   1%          4
 Ice Form                 Ice/Tmut       #######.     1%          4
 Iskenderun's Mystic Bla  Conj/Tloc      ######..     1%          4
 Olgreb's Toxic Radiance  Pois           #####...     1%          4
 Summon Ice Beast         Ice/Summ       #######.     1%          4
 Bolt of Magma            Conj/Fire/Erth ######....   1%          5
 Iskenderun's Battlesphe  Conj           ######..     1%          5
 Lightning Bolt           Conj/Air       ######....   1%          5
 Metabolic Englaciation   Hex/Ice        #######...   1%          5
 Freezing Cloud           Conj/Ice/Air   #######...   1%          6
 Simulacrum               Ice/Necr       #######...   1%          6
 Starburst                Conj/Fire      ######....   1%          6
 Dispersal                Tloc           ######....   2%          6
 Animate Dead             Necr           #####.....   4%          4
 Cause Fear               Hex            #####.....   4%          4
 Dispel Undead            Necr           #####...     4%          4
 Leda's Liquefaction      Hex/Erth       #####.....   4%          4
 Petrify                  Tmut/Erth      #####...     4%          4
 Summon Lightning Spire   Summ/Air       #####...     4%          4
 Lee's Rapid Deconstruct  Erth           #####.....   4%          5
 Yara's Violent Unravell  Hex/Tmut       #####.....   4%          5
 Conjure Ball Lightning   Conj/Air       ######....   5%          6
 Agony                    Necr           #####...     14%         5
 Alistair's Intoxication  Tmut/Pois      #####....    14%         5
 Borgnjor's Vile Clutch   Necr/Erth      #####.....   14%         5
 Excruciating Wounds      Necr           #####.....   14%         5
 Silence                  Hex/Air        #####.....   14%         5
 Death Channel            Necr           #####.....   56%         6
 Eringya's Noxious Bog    Tmut/Pois      #####.....   56%         6
 Hydra Form               Tmut           #####.....   56%         6
 Invisibility             Hex            #####...     56%         6
 Statue Form              Tmut/Erth      #####....    56%         6
 Malign Gateway           Summ/Tloc      ######....   58%         7
 Controlled Blink         Tloc           N/A          73%         8
 Disjunction              Tloc           ######....   73%         8
 Dragon Form              Tmut           #####.....   98%         7
 Discord                  Hex            #####.....   100%        8
 Passage of Golubria      Tloc           Unusable     N/A         4

Action                   |  1- 3 |  4- 6 |  7- 9 | 10-12 | 13-15 | 16-18 | 19-21 | 22-24 | 25-27 || total
-------------------------+-------+-------+-------+-------+-------+-------+-------+-------+-------++-------
Melee: Mace              |    33 |       |       |    92 |   105 |    30 |    16 |       |       ||   276
       Tailslap          |     2 |     6 |    15 |    11 |    19 |     2 |     3 |       |       ||    58
       Quarterstaff      |    12 |    23 |       |       |       |       |       |       |       ||    35
       Dagger            |       |    33 |    81 |       |       |       |       |       |       ||   114
       Flail             |       |     5 |    46 |       |       |       |       |       |       ||    51
       Morningstar       |       |       |    46 |    36 |       |       |       |       |       ||    82
 Cast: Foxfire           |    63 |    65 |    62 |    23 |     1 |       |       |       |       ||   214
       Sticky Flame      |       |     2 |    65 |   123 |    70 |     1 |     1 |       |       ||   262
       Freeze            |       |       |     3 |    73 |    16 |       |       |       |       ||    92
       Fireball          |       |       |       |    85 |    32 |       |       |       |       ||   117
       Summon Ice Beast  |       |       |       |     2 |       |       |       |       |       ||     2
       Ozocubu's Refrige |       |       |       |       |   365 |   448 |   188 |   107 |   132 ||  1240
       Irradiate         |       |       |       |       |     1 |     1 |       |       |       ||     2
       Absolute Zero     |       |       |       |       |       |    45 |   251 |   368 |   350 ||  1014
       Ozocubu's Armour  |       |       |       |       |       |       |     1 |       |       ||     1
       Blink             |       |       |       |       |       |       |       |       |     6 ||     6
 Abil: Rolling Charge    |       |     6 |     8 |     2 |       |       |       |       |       ||    16
Evoke: Wand              |       |       |     1 |    13 |     4 |    33 |     9 |     2 |    25 ||    87
       Tin of tremorston |       |       |       |     1 |     2 |     5 |     3 |     6 |       ||    17
       Lightning rod     |       |       |       |       |       |       |     8 |       |       ||     8
  Use: Scroll            |     5 |     1 |    14 |     7 |    11 |     7 |     9 |    15 |    13 ||    82
       Potion            |       |       |     4 |     2 |     1 |       |       |       |    17 ||    24
 Stab: Sleeping          |     1 |     2 |       |       |       |       |       |       |       ||     3
       Petrified         |       |       |       |     3 |       |       |       |       |       ||     3
       Petrifying        |       |       |       |     1 |       |       |       |       |       ||     1
       Paralysed         |       |       |       |       |       |       |     3 |       |       ||     3
Armor: Robe              |    23 |    22 |    83 |       |       |       |       |       |       ||   128
       Skin              |       |       |     8 |       |       |       |       |       |       ||     8
       Steam dragon scal |       |       |    30 |    58 |       |       |       |       |       ||    88
       Leather armour    |       |       |       |       |    58 |       |       |       |       ||    58
       Ring mail         |       |       |       |       |     4 |    92 |   100 |    32 |    60 ||   288
Dodge: Dodged            |    43 |    28 |   148 |   194 |   129 |    57 |    74 |    24 |    26 ||   723
Block: Buckler           |       |       |    13 |    45 |    36 |    91 |    66 |    17 |       ||   268
       Reflection        |       |       |       |       |       |    21 |    34 |     5 |       ||    60
       Kite shield       |       |       |       |       |       |       |       |     6 |    64 ||    70

Skill      XL: |  1  2  3  4  5  6  7  8  9 10 11 12 13 14 15 16 17 18 19 20 21 22 23 24 25 26 27 |
---------------+----------------------------------------------------------------------------------+-----
Conjurations   | 1 2 3 4 5 7 |  7.1
Fire Magic     | 3 4 5 |  5.0
Ice Magic      | 3 5 8 10 11 13 14 16 17 19 20 21 22 23 24 | 24.0
Spellcasting   | 5 7 8 10 12 14 15 16 18 20 21 23 24 25 | 25.7
Shields        | 2 4 9 |  9.0
Evocations     | 5 |  5.0
Fighting       | 4 8 10 13 19 24 | 24.1
Dodging        | 4 6 8 |  8.0
Translocations | 7 8 |  8.0
Armour         | 8 |  8.0
Stealth        | |  1.2

Inventory:

Missiles
 j - 5 throwing nets (quivered) {!f}
Armour
 a - a +5 kite shield of protection (worn)
 o - a +4 barding of fire resistance (worn)
 x - the +9 ring mail of Otzun (worn) {rPois rN+ Str+3 Stlth-}
   (You found it on level 2 of the Swamp)

   It affects your strength (+3).
   It protects you from poison.
   It protects you from negative energy.
   It makes you less stealthy.
 P - a +2 cloak of magic resistance (worn)
 Y - a +2 helmet of intelligence
 Z - the +3 pair of gauntlets of War (worn) {Slay+5}
   (You found it on level 3 of the Crypt)

   It affects your accuracy and damage with ranged weapons and melee attacks
   (+5).
Magical Staves
 f - an uncursed staff of wizardry (weapon) {!a}
Jewellery
 d - an amulet of magic regeneration (around neck)
 t - an uncursed amulet of guardian spirit
 B - an uncursed ring of positive energy
 D - the ring of Surprise (right hand) {rElec rF+}
   (You found it on level 9 of the Dungeon)

   [ring of protection from fire]

   It protects you from fire.
   It insulates you from electricity.
 O - the ring of Bacad (left hand) {rF+ rC+}
   (You found it on level 4 of the Depths)

   [ring of protection from fire]

   It protects you from fire.
   It protects you from cold.
 V - an uncursed ring of protection from magic
 X - an uncursed ring of resist corrosion
Wands
 e - a wand of disintegration (16)
 q - a wand of iceblast (6)
 C - a wand of clouds (47)
 E - a wand of acid (18)
 F - a wand of enslavement (17)
 Q - a wand of digging (6)
 T - a wand of paralysis (35)
Scrolls
 k - 23 scrolls of remove curse {@r4}
 m - 7 scrolls of magic mapping
 r - 23 scrolls of teleportation {@r1}
 u - 14 scrolls of identify {@r3}
 y - a scroll of silence
 H - 2 scrolls of summoning
 I - 10 scrolls of fog
 J - 2 scrolls of vulnerability
 K - 5 scrolls of blinking {@r2}
 L - 7 scrolls of fear
 N - a scroll of holy word
Potions
 b - 3 potions of magic
 c - 3 potions of lignification
 g - 11 potions of brilliance
 i - 4 potions of ambrosia
 l - 23 potions of curing {@q2}
 p - 5 potions of resistance
 v - 13 potions of haste {@q4}
 w - a potion of stabbing
 z - 11 potions of might
 A - 4 potions of mutation
 G - 16 potions of heal wounds {@q1}
 M - 8 potions of flight
 R - 8 potions of cancellation
 U - 4 potions of invisibility
Miscellaneous
 h - 6 boxes of beasts
 n - a lightning rod (4/4)
 s - a tin of tremorstones (3/3)
 S - a phial of floods
 W - 6 phantom mirrors

#.#...>......# #
#.#.########## #.#.#
#####.#.# #....####
### #.#########
###### ##.. #.#
##...## #..#.####..#
#.#
#.....###....#...###
#.#
#..@.......#...##.##
#.#
##...#..#####..#####
###.### #####.##
#### # #.....# ###
## #.....## #######.
#......# ##....#..
#.....##
########.##.....
#.....#
##...##.#.###...#
#######
#..⌠..##..#..#..#


There were no monsters in sight!

Vanquished Creatures
  the Royal Jelly (Slime:5)
  Khufu (Crypt:1)
  5 orbs of fire (Zot:5)
  12 ancient liches (Zot:5)
  A juggernaut (Depths:5)
  A greater mummy (Crypt:1)
  the Lernaean hydra (Swamp:4)
  The ghost of Koteda the Eclecticist, a veteran DrCj of Vehumet (Crypt:2)
  Xtahua (Depths:4)
  Vashnia (Snake:2)
  Saint Roka (Snake:3)
  Bai Suzhen (Vaults:3)
  A caustic shrike (Depths:3)
  6 Killer Klowns
  4 golden dragons
  3 Brimstone Fiends
  6 liches
  3 electric golems
  2 Tzitzimimeh
  Jorgrun (Swamp:1)
  19 tentacled monstrosities
  2 deep elf master archers (Elf:3)
  27 Orb Guardians
  Asterion (Snake:4)
  2 titans
  3 quicksilver dragons
  A deep elf blademaster (Elf:3)
  19 acid blobs
  4 sphinxes
  2 Executioners
  4 death cobs
  An ancient champion (Crypt:2)
  The ghost of Apogee the Brawler, an adept TrWr of Gozag (Snake:2)
  Roxanne (Elf:1)
  16 azure jellies
  A thorn hunter (Swamp:3)
  7 tengu reavers
  12 nagarajas
  A revenant (Crypt:3)
  4 storm dragons
  A daeva (Depths:4)
  7 draconian monks
  9 fire giants
  8 shadow dragons
  2 draconian knights (Zot:4)
  The ghost of Nuiffe Xitzo the Geomancer, a journeyman DrEE of Cheibriados (Elf:2)
  13 deep elf sorcerers
  Louise (Swamp:1)
  5 frost giants
  3 draconian shifters
  Aizul (Snake:2)
  2 iron dragons
  19 vault wardens
  4 ghost moths
  A curse skull (Crypt:2)
  4 draconian scorchers
  A balrug (Zot:1)
  4 deep elf elementalists (Elf:3)
  A caustic shrike zombie (Crypt:1)
  3 draconian stormcallers
  2 juggernaut zombies
  3 spriggan defenders (Depths:3)
  2 war gargoyles (Vaults:5)
  24 very ugly things
  The ghost of Polef the Grappler, a journeyman TrTm of Cheibriados (D:14)
  4 draconian annihilators
  6 ghouls
  26 stone giants
  26 vampire knights
  A reaper (Crypt:3)
  22 ironheart preservers
  10 green draconians
  3 deep elf demonologists
  5 black draconians
  8 deep elf annihilators
  6 red draconians
  13 yellow draconians
  Azrael (D:13)
  9 purple draconians
  6 white draconians
  5 eidola
  14 ettins
  12 fire dragons
  8 jiangshi
  12 deep elf death magi
  13 great orbs of eyes
  5 death oozes (Slime:5)
  3 deep elf high priests
  20 yaktaur captains
  13 ogre magi
  A ghost crab (Swamp:4)
  13 ice dragons
  The ghost of SatoMori the Thaumaturge, a journeyman DECj of Vehumet (D:10)
  23 naga warriors
  5 rakshasas
  2 spriggan air magi
  An ice dragon (shapeshifter) (Vaults:5)
  22 hydras
  41 vault guards
  6 centaur warriors
  15 anacondas
  5 merfolk avatars (Swamp:4)
  44 two-headed ogres
  5 death knights
  14 alligators
  5 deep troll earth magi
  6 vampire magi
  23 dancing weapons
  6 death yaks (Lair:6)
  2 spriggan berserkers
  7 tengu warriors
  4 deep troll shamans
  20 naga sharpshooters
  6 orc high priests
  A thrashing horror (Crypt:2)
  Urug (D:13)
  A titan skeleton (Depths:2)
  4 shock serpents
  16 spriggans
  25 deep elf knights
  The ghost of Apogee the Covert, a novice KoDe of Dithmenos (D:10)
  5 soul eaters
  A sun demon (D:2)
  3 salamander mystics
  A wretched star (Crypt:2)
  5 shadow wraiths
  34 skeletal warriors
  A storm dragon skeleton (Vaults:1)
  19 deep trolls
  10 unseen horrors
  A spriggan druid (Swamp:3)
  An unseen horror (shapeshifter) (Vaults:4)
  18 deep elf archers
  5 glowing orange brains
  9 flayed ghosts
  A cherub (D:10)
  9 swamp dragons
  An obsidian statue (Zot:5)
  9 wizards
  An orange crystal statue (Zot:5)
  6 harpies
  A tengu zombie (Depths:1)
  7 necromancers
  A lindwurm (Lair:6)
  An iron dragon zombie (Crypt:3)
  2 harpies (shapeshifter)
  An anaconda skeleton (Crypt:1)
  A wolf spider zombie (D:15)
  73 ugly things
  11 naga ritualists
  33 phantasmal warriors
  16 ironbrand convokers
  12 mana vipers
  74 deep elf magi
  7 wolf spiders
  19 orc knights
  4 orc sorcerers
  9 moths of wrath
  7 oklob plants
  A faun (shapeshifter) (Depths:1)
  A shining eye (Slime:5)
  2 fire giant skeletons
  9 cyclopes
  A toenail golem (D:13)
  A manticore (D:14)
  A salamander (shapeshifter) (D:13)
  11 salamanders
  15 guardian serpents
  7 elephants
  A stone giant skeleton (Depths:2)
  3 human skeletons
  5 torpor snails (Lair:6)
  3 ice statues (IceCv)
  49 black mambas
  A smoke demon (Zot:4)
  14 vault sentinels
  A dire elephant skeleton (Crypt:3)
  2 gargoyles
  22 naga magi
  A shock serpent skeleton (Crypt:3)
  Maggie (D:7)
  A white draconian zombie (Crypt:2)
  15 cane toads
  A human zombie (Vaults:1)
  17 freezing wraiths
  A demonic crawler (D:12)
  An efreet (D:13)
  3 kobold demonologists
  A rime drake (Lair:2)
  A komodo dragon (shapeshifter) (Elf:1)
  2 yaktaur zombies
  A tormentor (D:13)
  An ice devil (Depths:5)
  9 komodo dragons
  52 yaktaurs
  4 tengu conjurers
  A red draconian skeleton (Crypt:2)
  A jumping spider (shapeshifter) (Vaults:5)
  A troll (shapeshifter) (Vaults:4)
  5 red devils
  3 trolls
  A merfolk (shapeshifter) (Vaults:1)
  A tengu simulacrum (Vaults:2)
  24 hornets
  A hornet (shapeshifter) (Vaults:3)
  A polar bear (Lair:4)
  14 tyrant leeches
  Grinder (D:4)
  Prince Ribbit (D:6)
  A blink frog (shapeshifter) (Crypt:2)
  A slime creature (shapeshifter) (D:15)
  18 bog bodies
  89 slime creatures
  A wolf spider simulacrum (D:14)
  7 hippogriffs
  A hippogriff (shapeshifter) (D:14)
  8 blink frogs
  2 ice dragon zombies
  A frost giant simulacrum (Vaults:3)
  7 dream sheep (Lair:6)
  2 ettin zombies (Depths:1)
  A black mamba zombie (Crypt:3)
  Sigmund (D:6)
  7 flying skulls
  A tarantella (shapeshifter) (Vaults:5)
  5 air elementals
  A redback (shapeshifter) (Depths:4)
  41 yaks
  A guardian serpent skeleton (Crypt:2)
  A vampire (D:12)
  A spriggan (shapeshifter) (Depths:2)
  4 wyverns
  11 water elementals
  2 shadows
  18 wraiths
  A golden eye (Slime:5)
  3 humans (Zot:1)
  5 fire elementals
  3 basilisks
  22 vampire mosquitoes
  A chaos spawn (Zot:4)
  An elf skeleton (Depths:2)
  A neqoxec (Zot:3)
  Menkaure (D:7)
  62 nagas
  A merfolk zombie (Crypt:3)
  2 elf zombies
  18 wargs
  A two-headed ogre zombie (Crypt:3)
  An acid dragon (Vaults:2)
  8 insubstantial wisps
  An orb spider zombie (Crypt:1)
  3 soldier ants (D:13)
  16 swamp worms
  7 water moccasins
  A glowing shapeshifter zombie (Crypt:2)
  6 porcupines
  36 orc warriors
  2 floating eyes
  5 hell hounds (D:13)
  A hornet zombie (D:13)
  13 swamp drakes
  9 ice beasts
  A phantom (D:9)
  2 sky beasts
  14 boggarts
  A manticore zombie (Crypt:3)
  6 eyes of draining
  An ice dragon simulacrum (Depths:1)
  A sky beast (shapeshifter) (Depths:1)
  A black bear (shapeshifter) (Vaults:2)
  A black bear (D:8)
  A blink frog zombie (Crypt:1)
  3 large abominations
  3 necrophages
  An ogre (shapeshifter) (Vaults:3)
  35 ogres
  9 wolves
  13 centaurs
  15 crocodiles
  A big kobold (D:12)
  A palentonga zombie (Crypt:1)
  2 earth elementals
  11 bullfrogs
  A cyclops skeleton (Crypt:3)
  A wyvern skeleton (D:14)
  A hippogriff skeleton (Crypt:2)
  5 scorpions
  A human simulacrum (Vaults:1)
  A shapeshifter zombie (Crypt:2)
  23 wights
  6 howler monkeys
  A polar bear skeleton (Crypt:2)
  2 electric eels
  2 crimson imps (Depths:2)
  6 centaur zombies
  5 lava snakes (D:10)
  2 bullfrog zombies
  A quasit (D:6)
  33 jellies
  A bullfrog skeleton (D:13)
  43 orc priests
  Crazy Yiuf (D:4)
  6 hounds
  25 orc wizards
  A soldier ant zombie (Crypt:3)
  7 centaur skeletons
  A demonspawn skeleton (Crypt:1)
  Ijyb (D:5)
  2 iguanas
  A basilisk skeleton (Crypt:2)
  Natasha (thrice) (D:4)
  11 worker ants
  The ghost of Somebody the Skirmisher, a weakling PaDe (D:5)
  A hound zombie (D:9)
  A hound skeleton (D:4)
  2 worker ant zombies
  2 mummies (Crypt:1)
  6 gnolls
  7 adders
  A river rat (shapeshifter) (Depths:1)
  2 shadow imps
  2 white imps
  3 ufetubi
  2 oozes
  3 adder zombies
  A halfling zombie (Crypt:2)
  2 adder skeletons
  2 worms (D:3)
  A barachi zombie (Crypt:1)
  A dart slug (D:3)
  152 orcs
  A giant cockroach (D:1)
  3 hobgoblins
  9 jackals
  A jackal (shapeshifter) (Depths:1)
  15 kobolds
  8 quokkas
  4 ball pythons
  7 bats
  4 frilled lizards
  15 goblins
  A jackal skeleton (D:5)
  A quokka skeleton (D:5)
  A quokka zombie (D:5)
  6 rats
  A rat skeleton (Crypt:1)
  A block of ice (Vaults:5)
  A fire vortex (Depths:1)
  15 fungi
  23 plants
2706 creatures vanquished.

Vanquished Creatures (collateral kills)
  A Killer Klown (Zot:1)
  A wraith (D:11)
  A human (Zot:1)
3 creatures vanquished.

Vanquished Creatures (others)
  A vampire knight (Depths:3)
  Josephine (Lair:4)
  A deep elf knight (Elf:3)
  982 blocks of ice
  349 foxfires
  17 fungi
  21 plants
1372 creatures vanquished.

Grand Total: 4081 creatures vanquished

Levels and vault maps discovered:
D:1:      dpeg_cavernosity, layout_loops_ring, st_stairs_14, serial_bayou_ford_a
D:2:      layout_basic, serial_park_tiny_pond, minmay_tree_intersection
D:3:      layout_loops_ring, minmay_ogre_servants
D:4:      layout_basic, uniq_natasha, uniq_crazy_yiuf_cottage, uniq_grinder
D:5:      layout_rooms, serial_glass, glass_columns_b, glass_columns_a,
          glass_columns_a, glass_columns_b, gammafunk_ghost_necromancy,
          minmay_fractal_squares_gapless_5, uniq_ijyb
D:6:      layout_rooms, minmay_temple_entry_statues, minmay_misc_feat_columns,
          uniq_sigmund, uniq_prince_ribbit1
D:7:      layout_rooms, nicolae_overflow_crystal_walls, uniq_menkaure,
          uniq_maggie
D:8:      layout_cave_pods, serial_shops, shop
D:9:      layout_roguey
D:10:     erik_rubicon_a, layout_loops_cross, lair_entry_dummy, serial_shops,
          shop, gammafunk_ghost_cemetery
D:11:     layout_roguey, erik_orc_3, serial_shops, shop_fountains
D:12:     layout_rooms, serial_shops, bzr_entry_islet, minmay_bent
D:13:     kennysheep_blocky_hall, layout_basic,
          lightli_vaults_fourway_checkpoint, uniq_urug, uniq_azrael
D:14:     layout_basic, solitary_fountain, gammafunk_ghost_arena
D:15:     hangedman_depths_entry_civil_slaughter, layout_small_grid,
          portal_ice_cave_entry_pillars_1, minivault_27, fungi_pond_lemuel,
          lightli_airlock
Temple:   minmay_crystal_snake_temple
Lair:1:   layout_gridlike, st_stairs_5, beast_lair_carwin_3, grunt_megastairs_2,
          lemuel_fruit_tree
Lair:2:   layout_regular_city, nicolae_swamp_entry_splash_gauntlet,
          lemuel_fruit_fields
Lair:3:   layout_misc_corridors, minmay_holes, serial_bayou_shore_a
Lair:4:   layout_regular_city, minmay_snake_entry_guardpost_small,
          uniq_josephine
Lair:5:   layout_cave_pods, grunt_megastairs_1, infiniplex_staircase_pool
Lair:6:   wormcave, layout_cellular_growth, slime_altar_1,
          chequers_serial_rivers_marsh, minivault_19, wad_woods_road_03,
          lemuel_fruit_fields
Swamp:1:  layout_falls_marsh, hangedman_swamp_pad, uniq_louise, uniq_jorgrun
Swamp:2:  layout_falls_marsh, evilmike_swamp_ruin_house_2
Swamp:3:  layout_basic_swamp, evilmike_swamp_ruin_house_4, swamp_pool2
Swamp:4:  grunt_swamp_rune_castle, layout_basic_swamp, swamp_pool1,
          grunt_lady_of_the_lake
Snake:1:  layout_chambers, nrook_loot_triangle
Snake:2:  dpeg_oklob_gauntlet, layout_misc_corridors, gammafunk_ghost_grave,
          uniq_aizul, uniq_vashnia
Snake:3:  layout_chambers, grunt_megastairs_4, uniq_saint_roka
Snake:4:  grunt_snake_rune_serpentine_throne, layout_cave_town, uniq_asterion
Slime:1:  layout_caves, nicolae_slime_phagocytosis
Slime:2:  layout_caves
Slime:3:  layout_caves
Slime:4:  layout_caves, basic_altar, nicolae_slime_ancient_tower_intersection,
          uniq_dissolution
Slime:5
Orc:1:    layout_caves
Orc:2:    st_orc_town, layout_caves
Elf:1:    elf_arrival_001, layout_gridlike, basic_altar, serial_shops, shop,
          minivault_28, minivault_13, uniq_roxanne
Elf:2:    layout_loops_cross, serial_shops, nicolae_shop_stone,
          gammafunk_ghost_tricky_traps, statue_in_the_mist_lemuel
Elf:3:    minmay_elf_hall_dome, layout_rooms, dk_noncrumbling_2
Vaults:1: nicolae_vaults_asterisk, ontoclasm_vaults_spin,
          vaults_room_ringed_pool, vaults_room_stairs_pillars,
          vaults_mumra_hexcomb, vaults_room_hallway, vaults_dpeg_diagonal,
          nicolae_vaults_hallways_thing, hangedman_vaults_locks,
          nicolae_vaults_big_angled_halls, vaults_room_fours, v_alt_pattern_6,
          nicolae_vaults_ring_of_whatevers, v_misc_29,
          nicolae_vaults_diagonal_hallway_9, layout_vaults_maze
Vaults:2: ontoclasm_vaults_loading_screen, ontoclasm_vaults_loading_screen,
          nicolae_vaults_shelves_hall, ontoclasm_vaults_shuriken,
          ontoclasm_vaults_decontamination, ontoclasm_vaults_tryst, v_rooms_2,
          nicolae_vaults_little_squares_2, vaults_mumra_hex,
          hangedman_vaults_stream, dpeg_vaults_monster_box,
          vaults_room_guarded_vault, vaults_dpeg_ring,
          layout_vaults_chaotic_city, serial_shops, nicolae_shop_stone
Vaults:3: nicolae_vaults_asterisk, nicolae_vaults_know_your_exits,
          nicolae_vaults_little_ls, minmay_crypt_entry_necro_gods, v_misc_23,
          v_misc_30, hangedman_vaults_slice, v_alt_pattern_4,
          ontoclasm_vaults_loading_screen, layout_vaults_ring, basic_altar,
          uniq_bai_suzhen
Vaults:4: nicolae_vaults_little_squares_5, st_smaller_cells,
          nicolae_vaults_network_star, hangedman_vaults_variations, v_misc_13,
          ontoclasm_vaults_ring_square, ontoclasm_vaults_ligature,
          grunt_vaults_funnel, grunt_vaults_twisty,
          nicolae_vaults_border_crossing, nicolae_vaults_little_squares_5,
          hangedman_vaults_corner_blocks, vaults_room_pool,
          layout_vaults_omnibox, serial_shops, shop
Vaults:5
Crypt:1:  layout_misc_corridors, grunt_crypt_arrival_split, uniq_margery,
          uniq_khufu
Crypt:2:  layout_misc_corridors, gammafunk_ghost_abyssal_escape
Crypt:3:  church_of_pain_bobbens, layout_chaotic_city
Depths:1: minmay_the_grid_octo_tiled_squarecenter
          [minmay_the_grid_octo_vomiting_pacman, minmay_the_grid_octo_checkered,
          minmay_the_grid_octo_odd_swirl, minmay_the_grid_octo_concentric,
          minmay_the_grid_square_5x5_megaprize_checkered,
          minmay_the_grid_square_5x5_comb,
          minmay_the_grid_square_5x5_broken_cross,
          minmay_the_grid_square_5x5_inverted_slash,
          minmay_the_grid_square_5x5_beaten_path], layout_basic,
          serial_co_window_serial, co_window_paths_a, co_window_paths_b,
          co_window_paths_a, co_window_paths_a, co_window_corner_a,
          co_window_paths_b, co_window_of_opportunity_a,
          co_window_unsneaky_path_b, co_window_2corner, co_window_broadway_a,
          co_window_unsneaky_path_c, co_window_paths_c, co_window_corner_b,
          hell_entry
Depths:2: evilmike_cross, layout_basic, pf_dread_powers_of_hell,
          bh_walls_and_bars, serial_bayou_shore_b
Depths:3: hourglass_vault, layout_gridlike, enter_ziggurat_a,
          grunt_hell_entry_dis_grunt, serial_shops, kennysheep_mini_moat,
          minmay_crystal_room, pan_entry, infiniplex_staircase_spiral_double
Depths:4: abrahamwl_protected_by_tso_2, layout_cave_pools, hell_entry,
          abyss_entry, st_stairs_2, uniq_xtahua
Depths:5: grunt_zot_entry_tricorne, layout_cave_shapes, hell_entry,
          serial_bayou, serial_bayou_pond_d, serial_bayou_crossing,
          serial_bayou_lagoon_a, serial_bayou_shore_b
Zot:1:    circus_mu, layout_concentric_octagons, grunt_megastairs_3
Zot:2:    layout_onion_interference, skrybe_zot_glass_2
Zot:3:    layout_onion
Zot:4:    lemuel_acid_trip, layout_cathedral_of_symmetry
Zot:5:    layout_misc_corridors


Message History

Where to? (Enter - D:1 @ (x,y), ? - help) Magic restored.
You see here a +0 scale mail.
You see here a stone.
A Brimstone Fiend comes into view.
The Brimstone Fiend roars!
Casting: Absolute Zero (mildly dangerous; 1% risk of failure)
Confirm with . or Enter, or press ? or * to list all spells.
You chill the Brimstone Fiend to absolute zero!
The Brimstone Fiend is frozen into a solid block of ice!
You kill the Brimstone Fiend!
Vehumet accepts your kill.
You feel your power returning.
(D) Dungeon (T) Temple (L) Lair (S) Swamp (P) Snake Pit (M) Slime Pits (O) Orcish Mines (E) Elven Halls (V) Vaults (C) Crypt (W) Tomb (U) Depths (H) Hell (Z) Zot
Where to? (Enter - D:1 @ (x,y), ? - help)
There is a staircase leading out of the dungeon here.
You have escaped!

Notes
Turn   | Place    | Note
-------+----------+-------------------------------------------
     0 | D:1      | bmfx the Palentonga Fire Elementalist began the quest for
                  | the Orb.
     0 | D:1      | Reached XP level 1. HP: 13/13 MP: 3/3
    94 | D:1      | Reached skill level 1 in Conjurations
   423 | D:1      | Reached XP level 2. HP: 20/20 MP: 5/5
  1521 | D:2      | Reached XP level 3. HP: 12/25 MP: 4/6
  2577 | D:3      | Noticed an ogre
  2673 | D:3      | Killed an ogre
  2673 | D:3      | Reached XP level 4. HP: 32/32 MP: 1/7
  2673 | D:3      | Reached XP level 5. HP: 37/37 MP: 1/8
  2688 | D:2      | Learned a level 4 spell: Sticky Flame
  3885 | D:4      | Reached XP level 6. HP: 37/43 MP: 9/9
  4087 | D:4      | Found a runed translucent door.
  4088 | D:4      | Noticed Crazy Yiuf
  4185 | D:4      | Noticed Natasha
  4191 | D:4      | Killed Natasha
  4961 | D:4      | Noticed Natasha
  4968 | D:4      | Killed Natasha
  5112 | D:4      | Noticed Grinder
  5187 | D:4      | Noticed Natasha
  5194 | D:4      | Killed Natasha
  5194 | D:4      | Reached skill level 5 in Conjurations
  5194 | D:4      | Reached XP level 7. HP: 49/49 MP: 4/10
  5866 | D:5      | Entered Level 5 of the Dungeon
  5989 | D:5      | Reached skill level 5 in Fire Magic
  6058 | D:5      | Found a runed translucent gate.
  6058 | D:5      | Found a runed translucent gate.
  6058 | D:5      | Found a runed translucent gate.
  6058 | D:5      | Noticed Somebody's ghost (weakling PaDe)
  6161 | D:5      | Noticed Ijyb
  6197 | D:6      | Noticed Prince Ribbit
  6210 | D:6      | Killed Prince Ribbit
  6441 | D:6      | Noticed Sigmund
  6658 | D:6      | Found a staircase to the Ecumenical Temple.
  6677 | Temple   | Entered the Ecumenical Temple
  6756 | Temple   | Became a worshipper of Vehumet
  6857 | D:6      | Reached XP level 8. HP: 47/55 MP: 6/11
  7059 | D:6      | Learned a level 4 spell: Summon Ice Beast
  7407 | D:7      | Noticed a hippogriff
  7421 | D:7      | Reached skill level 1 in Ice Magic
  7424 | D:7      | Reached skill level 3 in Spellcasting
  7485 | D:7      | Killed a hippogriff
  7603 | D:7      | Reached skill level 4 in Spellcasting
  7741 | D:7      | Noticed Maggie
  7749 | D:7      | Killed Maggie
  7749 | D:7      | Reached skill level 5 in Spellcasting
  7854 | D:7      | Reached * piety under Vehumet
  7854 | D:7      | Offered knowledge of Freeze by Vehumet.
  7859 | D:6      | Learned a level 1 spell: Freeze
  7949 | D:7      | Reached XP level 9. HP: 48/60 MP: 0/17
  8114 | D:7      | Found a basalt altar of Yredelemnul.
  8222 | D:7      | Noticed Menkaure
  8228 | D:7      | Killed Menkaure
  8228 | D:7      | Reached skill level 6 in Spellcasting
  8441 | D:8      | Found Kigh's Assorted Antiques.
  8449 | D:8      | Bought an ichor-stained buckler for 218 gold pieces
  8454 | D:8      | Identified the cursed +0 buckler of Lotz {rPois} (You
                  | bought it in a shop on level 8 of the Dungeon)
  8799 | D:8      | Reached skill level 1 in Shields
  9589 | D:5      | Offered knowledge of Sandblast by Vehumet.
  9675 | D:5      | Reached ** piety under Vehumet
  9826 | D:4      | Killed Crazy Yiuf
  9852 | D:4      | Got an ichor-stained mace
 10029 | D:4      | Killed Grinder
 10029 | D:4      | Reached skill level 7 in Spellcasting
 10199 | D:6      | Killed Sigmund
 10334 | D:9      | Reached skill level 5 in Ice Magic
 10992 | D:9      | Reached XP level 10. HP: 67/67 MP: 13/21
 11450 | D:9      | Offered knowledge of Stone Arrow by Vehumet.
 11450 | D:9      | Reached skill level 8 in Spellcasting
 11561 | D:9      | Got a flickering marble ring
 11562 | D:9      | Identified the ring of Surprise {rElec rF+} (You found it
                  | on level 9 of the Dungeon)
 11780 | D:10     | Entered Level 10 of the Dungeon
 12175 | D:11     | Reached skill level 1 in Evocations
 12400 | D:11     | Found Ximaptar's General Store.
 12440 | D:11     | Reached *** piety under Vehumet
 12674 | D:11     | Learned a level 5 spell: Fireball
 12787 | D:11     | Noticed a cyclops
 12916 | D:11     | Offered knowledge of Mephitic Cloud by Vehumet.
 12923 | D:11     | Learned a level 3 spell: Mephitic Cloud
 13014 | D:11     | Noticed an unseen horror
 13014 | D:11     | Noticed a brown ugly thing
 13284 | D:10     | Found a staircase to the Lair.
 13291 | D:10     | Identified the +10 mace "Blob" {drain, Int+7} (You found it
                  | on level 4 of the Dungeon)
 13451 | D:10     | Found Udoemosch's Distillery.
 13458 | D:10     | Bought a potion of heal wounds for 80 gold pieces
 13463 | D:10     | Found a runed translucent gate.
 13465 | D:10     | Found a runed translucent gate.
 13466 | D:10     | Found a runed translucent gate.
 13466 | D:10     | Noticed Apogee's ghost (novice KoDe)
 13466 | D:10     | Noticed SatoMori's ghost (journeyman DECj)
 13538 | D:10     | Killed Apogee's ghost
 13542 | D:10     | Killed SatoMori's ghost
 13542 | D:10     | Reached skill level 5 in Evocations
 13542 | D:10     | Reached XP level 11. HP: 36/72 MP: 7/23
 13928 | Lair:1   | Entered Level 1 of the Lair of Beasts
 14030 | Lair:1   | Reached **** piety under Vehumet
 14407 | Lair:1   | Offered knowledge of Ignite Poison by Vehumet.
 15582 | Lair:2   | Reached skill level 1 in Fighting
 15866 | Lair:2   | You fall into a shaft and drop 2 floors!
 15918 | Lair:3   | Noticed an eight-headed hydra
 16282 | Lair:2   | Reached skill level 10 in Ice Magic
 16965 | Lair:2   | Found a staircase to the Swamp.
 17139 | Lair:3   | Killed an eight-headed hydra
 17373 | Lair:3   | Reached XP level 12. HP: 90/90 MP: 9/24
 17377 | Lair:3   | Reached skill level 5 in Fighting
 18072 | Lair:4   | Reached skill level 5 in Dodging
 18601 | Lair:4   | Reached ***** piety under Vehumet
 18606 | Lair:4   | Offered knowledge of Spellforged Servitor by Vehumet.
 19285 | Lair:4   | Noticed Josephine
 19295 | Lair:4   | Killed Josephine
 19522 | Lair:4   | Found a staircase to the Snake Pit.
 20953 | D:11     | Bought a +2 cloak of magic resistance for 301 gold pieces
 20953 | D:11     | Bought a scroll of teleportation for 42 gold pieces
 21317 | Lair:5   | Noticed a six-headed hydra
 21406 | Lair:5   | Killed a six-headed hydra
 21714 | Lair:6   | Entered Level 6 of the Lair of Beasts
 21812 | Lair:6   | Noticed a five-headed hydra
 21938 | Lair:6   | Noticed a six-headed hydra
 22002 | Lair:6   | Got a distressingly furry leather armour
 22013 | Lair:6   | Identified the +0 leather armour of the Mind {MP+9} (You
                  | found it on level 6 of the Lair of Beasts)
 22076 | Lair:6   | Found a viscous altar of Jiyva.
 22076 | Lair:6   | Found a staircase to the Slime Pits.
 22166 | Lair:6   | Killed a five-headed hydra
 22166 | Lair:6   | Reached XP level 13. HP: 91/104 MP: 14/25
 23399 | Lair:6   | Found a runed translucent door.
 23400 | Lair:6   | Noticed a fire dragon
 24638 | D:5      | Killed Ijyb
 24921 | D:5      | You fall into a shaft and drop 1 floor!
 25118 | D:5      | Killed Somebody's ghost
 25246 | D:11     | Found a staircase to the Orcish Mines.
 25775 | D:11     | Identified a scroll of acquirement
 25776 | D:11     | Acquired the Guide on Moulding and the Snowflakes
 25785 | D:11     | Learned a level 6 spell: Ozocubu's Refrigeration
 25966 | D:11     | Bought a scroll of amnesia for 49 gold pieces
 25973 | D:11     | Learned a level 5 spell: Irradiate
 27432 | D:12     | Found a gateway to a bazaar.
 27704 | D:13     | Noticed Urug
 27706 | D:13     | Noticed Azrael
 27707 | D:13     | Killed Urug
 27708 | D:13     | Killed Azrael
 27849 | D:13     | Reached XP level 14. HP: 94/112 MP: 23/26
 28330 | D:13     | Found a gate to the Vaults.
 28332 | D:13     | Offered knowledge of Hailstorm by Vehumet.
 28332 | D:13     | Reached skill level 9 in Spellcasting
 30268 | D:14     | Found a transporter.
 30274 | D:14     | Found a transporter.
 30274 | D:14     | Noticed Polef's ghost (journeyman TrTm)
 30298 | D:14     | Reached skill level 10 in Spellcasting
 30707 | D:14     | Found the +9 heavy crossbow "Sniper" {vorpal, Acc+∞ SInv}
 31274 | Orc:1    | Entered Level 1 of the Orcish Mines
 31648 | Orc:2    | Entered Level 2 of the Orcish Mines
 31806 | Orc:2    | Found Zamp's Book Shoppe.
 31807 | Orc:2    | Found Tiqis's Gadget Shop.
 31808 | Orc:2    | Reached ****** piety under Vehumet
 31950 | Orc:2    | Found a staircase to the Elven Halls.
 32149 | Orc:2    | Found Peyno's Magic Scroll Shoppe.
 32150 | Orc:2    | Found Eskaly's General Store.
 32515 | Orc:2    | Found a roughly hewn altar of Beogh.
 32754 | Orc:1    | Offered knowledge of Bolt of Magma by Vehumet.
 32763 | Orc:1    | Reached XP level 15. HP: 117/117 MP: 25/29
 33123 | Bazaar   | Entered a bazaar
 33136 | Bazaar   | Found Razonlija's Distillery.
 33136 | Bazaar   | Found Usisoups's Assorted Antiques.
 33170 | Bazaar   | Found Dori's Assorted Antiques.
 33170 | Bazaar   | Found Goaxzi Hate's Antique Armour Shoppe.
 33188 | Bazaar   | Bought a pair of shimmering gloves for 323 gold pieces
 33198 | Bazaar   | Identified the cursed -2 pair of gloves of Trial and Error
                  | {Int+5} (You bought it in a shop in a bazaar)
 33219 | Bazaar   | Bought a potion of resistance for 230 gold pieces
 33219 | Bazaar   | Bought 2 scrolls of magic mapping for 161 gold pieces
 33311 | Orc:2    | Bought a scroll of acquirement for 624 gold pieces
 33311 | Orc:2    | Acquired a +1 barding of flying
 33746 | Lair:6   | Reached skill level 15 in Ice Magic
 34001 | Lair:6   | Reached skill level 11 in Spellcasting
 34232 | Swamp:1  | Entered Level 1 of the Swamp
 34478 | Swamp:1  | Noticed Louise
 34487 | Swamp:1  | Killed Louise
 35258 | Swamp:1  | Learned a level 3 spell: Ozocubu's Armour
 35534 | Swamp:1  | Noticed Jorgrun
 35548 | Swamp:1  | Killed Jorgrun
 36089 | Swamp:2  | Got a transparent ring mail
 36090 | Swamp:2  | Identified the +9 ring mail of Otzun {rPois rN+ Str+3
                  | Stlth-} (You found it on level 2 of the Swamp)
 36684 | Swamp:2  | Reached skill level 12 in Spellcasting
 36834 | Swamp:2  | Identified the +4 ring mail of the Mind {Int+2} (You found
                  | it on level 2 of the Swamp)
 36930 | Swamp:2  | Offered knowledge of Freezing Cloud by Vehumet.
 37608 | Swamp:3  | Noticed a thorn hunter
 37611 | Swamp:3  | Killed a thorn hunter
 38894 | Swamp:4  | Entered Level 4 of the Swamp
 39043 | Swamp:4  | Reached XP level 16. HP: 125/125 MP: 11/32
 39355 | Swamp:4  | Offered knowledge of Lee's Rapid Deconstruction by Vehumet.
 39560 | Swamp:4  | Reached skill level 13 in Spellcasting
 40816 | Swamp:4  | Identified the +2 great sword of Fimbulwinter {venom, rF++
                  | rC- rN+ Int+2} (You found it on level 4 of the Swamp)
 41464 | Swamp:4  | Noticed the 27-headed Lernaean hydra
 41471 | Swamp:4  | Killed the 27-headed Lernaean hydra
 41712 | Swamp:4  | Reached skill level 14 in Spellcasting
 41829 | Swamp:4  | Got a decaying rune of Zot
 42354 | Snake:1  | Entered Level 1 of the Snake Pit
 42766 | Snake:1  | Got a sapphire-encrusted leather armour
 42777 | Snake:1  | Identified the cursed +1 leather armour of the Depths {rC-
                  | Str+4} (You found it on level 1 of the Snake Pit)
 43581 | Snake:1  | Offered knowledge of Orb of Destruction by Vehumet.
 44293 | Snake:1  | Reached XP level 17. HP: 111/130 MP: 16/35
 45488 | Snake:2  | Reached skill level 15 in Spellcasting
 45663 | Snake:2  | Found a runed translucent door.
 45664 | Snake:2  | Noticed Apogee's ghost (adept TrWr)
 45761 | Snake:2  | Noticed Aizul
 45766 | Snake:2  | Killed Aizul
 46138 | Snake:2  | Identified the +5 scale mail of Ceuxalel {Harm MR- Regen+}
                  | (You found it on level 2 of the Snake Pit)
 46782 | Snake:2  | Noticed Vashnia
 46788 | Snake:2  | Killed Vashnia
 47663 | Snake:3  | Offered knowledge of Ignition by Vehumet.
 48228 | Snake:3  | Noticed Saint Roka
 48236 | Snake:3  | Killed Saint Roka
 48455 | Snake:3  | Learned a level 8 spell: Ignition
 49870 | Snake:4  | Entered Level 4 of the Snake Pit
 49874 | Snake:4  | Reached XP level 18. HP: 127/138 MP: 30/37
 50223 | Snake:4  | Noticed Asterion
 50228 | Snake:4  | Killed Asterion
 51259 | Snake:4  | Offered knowledge of Shatter by Vehumet.
 51259 | Snake:4  | Offered knowledge of Tornado by Vehumet.
 51259 | Snake:4  | Offered knowledge of Absolute Zero by Vehumet.
 51423 | Snake:4  | Learned a level 9 spell: Absolute Zero
 53080 | Snake:4  | Got a serpentine rune of Zot
 53259 | Snake:2  | Killed Apogee's ghost
 53319 | Snake:2  | Acquired a +2 pair of gloves of dexterity
 53597 | D:14     | Killed Polef's ghost
 53824 | Vaults:1 | Entered Level 1 of the Vaults
 54463 | Vaults:1 | Reached XP level 19. HP: 144/144 MP: 31/38
 55600 | Vaults:1 | Reached skill level 16 in Spellcasting
 56699 | Vaults:2 | Reached skill level 10 in Fighting
 57639 | Vaults:2 | Found Cahy's Magic Scroll Shoppe.
 57647 | Vaults:2 | Bought a scroll of enchant armour for 127 gold pieces
 59137 | Vaults:2 | Reached XP level 20. HP: 157/157 MP: 18/40
 59360 | Vaults:2 | Reached skill level 17 in Spellcasting
 59764 | Vaults:3 | Found a stormy altar of Qazlal.
 60496 | Vaults:3 | Found a staircase to the Crypt.
 60496 | Vaults:3 | Found an ancient bone altar of Kikubaaqudgha.
 60497 | Vaults:3 | Found a basalt altar of Yredelemnul.
 62131 | Vaults:3 | Reached skill level 18 in Spellcasting
 62396 | Vaults:3 | Noticed Bai Suzhen
 62397 | Vaults:3 | Killed Bai Suzhen
 63216 | Vaults:4 | Reached XP level 21. HP: 163/163 MP: 27/43
 63903 | Vaults:4 | Found Sypat's Magic Scroll Emporium.
 63910 | Vaults:4 | Bought a scroll of fog for 30 gold pieces
 63910 | Vaults:4 | Bought a scroll of teleportation for 45 gold pieces
 64142 | Vaults:4 | Acquired an uncursed staff of wizardry
 64906 | Vaults:4 | Reached skill level 19 in Spellcasting
 65295 | Elf:1    | Entered Level 1 of the Elven Halls
 65356 | Elf:1    | Identified Roxanne's Reference Book on Changing
 65356 | Elf:1    | Noticed Roxanne
 65361 | Elf:1    | Killed Roxanne
 65555 | Elf:1    | Found a runed translucent door.
 66512 | Elf:1    | Found Poikhlecw's Distillery.
 66521 | Elf:1    | Bought a potion of heal wounds for 90 gold pieces
 66521 | Elf:1    | Bought a potion of haste for 180 gold pieces
 66521 | Elf:1    | Bought a potion of magic for 144 gold pieces
 66521 | Elf:1    | Bought a potion of curing for 54 gold pieces
 66521 | Elf:1    | Bought a potion of cancellation for 144 gold pieces
 66544 | Elf:1    | Found a radiant altar of Vehumet.
 67033 | Elf:2    | Found Onal's General Store.
 67042 | Elf:2    | Bought a potion of curing for 45 gold pieces
 67042 | Elf:2    | Bought a potion of heal wounds for 75 gold pieces
 67042 | Elf:2    | Bought a wand of iceblast (9) for 195 gold pieces
 67341 | Elf:2    | Found a runed translucent gate.
 67341 | Elf:2    | Found a runed translucent gate.
 67341 | Elf:2    | Found a runed translucent gate.
 67546 | Elf:2    | Found a runed translucent gate.
 67547 | Elf:2    | Found a runed translucent gate.
 67547 | Elf:2    | Noticed Nuiffe Xitzo's ghost (journeyman DrEE)
 67548 | Elf:2    | Found a runed translucent gate.
 67823 | Elf:2    | Killed Nuiffe Xitzo's ghost
 68107 | Elf:2    | Identified the +1 helmet "Igruyroja" {*Slow rN++ rCorr
                  | Int+2} (You found it on level 2 of the Elven Halls)
 68309 | Elf:3    | Entered Level 3 of the Elven Halls
 69340 | Elf:3    | Reached skill level 20 in Spellcasting
 69525 | Elf:3    | Reached XP level 22. HP: 170/170 MP: 38/46
 70100 | Elf:3    | Identified the cursed +1 leather armour of Vexation
                  | {*Contam rPois rC+++ Int+4}
 70221 | Elf:3    | Identified the +5 mace "Bung" {freeze, rElec}
 70224 | Elf:3    | Identified the +3 leather armour of the Onion {rF+}
 70373 | Elf:3    | Identified the +5 scythe "Polinaas" {flame, Str+3}
 70381 | Elf:3    | Identified the Volume of Spatial Conjuration
 70406 | Elf:3    | Identified the Papyrus of the Poisonous Arsonist
 70412 | Elf:3    | Identified the amulet of Hadghiy {Inacc Dex+7} (You found
                  | it on level 3 of the Elven Halls)
 70469 | Elf:3    | Identified the +7 plate armour of Efutebuc {*Slow Str-2
                  | SInv Stlth+} (You found it on level 3 of the Elven Halls)
 70740 | D:15     | Entered Level 15 of the Dungeon
 70762 | D:15     | Found a frozen archway.
 70768 | IceCv    | Entered an ice cave
 71435 | D:15     | Found a staircase to the Depths.
 72135 | D:15     | Found a runed translucent door.
 72478 | Depths:1 | Entered Level 1 of the Depths
 72997 | Depths:1 | Reached skill level 21 in Spellcasting
 73782 | Depths:1 | Identified the Tome of Weightlessness
 73784 | Depths:1 | Identified the +0 cloak "Xoilog" {rElec rN+} (You found it
                  | on level 1 of the Depths)
 74316 | Depths:1 | Found a radiant altar of Vehumet.
 74317 | Depths:1 | Found a stormy altar of Qazlal.
 74333 | Depths:1 | Found a shimmering altar of Xom.
 74420 | Depths:1 | Found a gateway to Hell.
 75339 | Depths:2 | Identified the cursed +1 robe of Hysteria {rN+ Regen+
                  | Int-5} (You found it on level 2 of the Depths)
 75354 | Depths:2 | Reached XP level 23. HP: 164/176 MP: 38/48
 76210 | Depths:2 | Reached skill level 22 in Spellcasting
 76385 | Depths:2 | Acquired 630 gold pieces
 77389 | Depths:3 | Noticed a caustic shrike
 77390 | Depths:3 | Killed a caustic shrike
 77686 | Depths:3 | Found a one-way gate leading to the halls of Pandemonium.
 78019 | Depths:3 | Found a gateway to a ziggurat.
 78242 | Depths:3 | Found Qouxoak's Assorted Antiques.
 78245 | Depths:3 | Bought a potion of heal wounds for 160 gold pieces
 78245 | Depths:3 | Bought a wand of acid (10) for 256 gold pieces
 78480 | Depths:4 | Found a one-way gate to the infinite horrors of the Abyss.
 78703 | Depths:4 | Noticed Xtahua
 78706 | Depths:4 | Killed Xtahua
 79091 | Depths:4 | Identified the ring of Bacad {rF+ rC+} (You found it on
                  | level 4 of the Depths)
 79189 | Depths:4 | Found a glowing golden altar of the Shining One.
 79360 | Depths:5 | Entered Level 5 of the Depths
 79406 | Depths:5 | Noticed a juggernaut
 79408 | Depths:5 | Killed a juggernaut
 79426 | Depths:5 | Reached skill level 23 in Spellcasting
 79532 | Depths:5 | Reached XP level 24. HP: 184/184 MP: 42/50
 79552 | Depths:5 | Found a gate to the Realm of Zot.
 79884 | Depths:5 | Reached skill level 5 in Shields
 80710 | Crypt:1  | Entered Level 1 of the Crypt
 80864 | Crypt:1  | Noticed Khufu
 80866 | Crypt:1  | Noticed a greater mummy
 80867 | Crypt:1  | Killed a greater mummy
 80891 | Crypt:1  | Killed Khufu
 82206 | Crypt:2  | Found a transporter.
 82219 | Crypt:2  | Noticed Koteda's ghost (veteran DrCj)
 82301 | Crypt:2  | Identified the +11 great sword of Horrixour {distort, MR+
                  | Int+4}
 82301 | Crypt:2  | Identified the ring of Lamiufoe {rPois rC+ Str+6 Dex-2}
 82325 | Crypt:2  | Found a transporter.
 82760 | Crypt:2  | Killed Koteda's ghost
 82836 | Crypt:2  | Learned a level 2 spell: Blink
 82838 | Crypt:2  | Learned a level 1 spell: Apportation
 82939 | Crypt:3  | Entered Level 3 of the Crypt
 82940 | Crypt:3  | Found a staircase to the Tomb.
 82994 | Crypt:3  | Reached skill level 1 in Translocations
 83315 | Crypt:3  | Reached skill level 5 in Translocations
 83600 | Crypt:3  | Reached XP level 25. HP: 189/189 MP: 37/50
 83990 | Crypt:3  | Found an ancient bone altar of Kikubaaqudgha.
 84018 | Crypt:3  | Reached skill level 24 in Spellcasting
 84154 | Crypt:3  | Reached skill level 1 in Armour
 84770 | Crypt:3  | Found the +3 pair of gauntlets of War {Slay+5}
 85003 | Vaults:5 | Entered Level 5 of the Vaults
 85069 | Vaults:5 | Reached skill level 5 in Armour
 85765 | Vaults:5 | Reached XP level 26. HP: 210/210 MP: 46/51
 85792 | Vaults:5 | Identified the +1 ring mail of Ejilateesha {rN+ MP+9
                  | Slay+6} (You found it on level 5 of the Vaults)
 86339 | Vaults:5 | Reached skill level 15 in Fighting
 86422 | Vaults:5 | Identified the Tome of Supportive Hexes
 86746 | Vaults:5 | Got a silver rune of Zot
 87445 | Slime:1  | Entered Level 1 of the Pits of Slime
 87774 | Slime:5  | Entered Level 5 of the Pits of Slime
 87923 | Slime:5  | Noticed the Royal Jelly
 87925 | Slime:5  | Killed the Royal Jelly
 88593 | Slime:5  | Identified Ylen's Advanced Steps in Sorcery
 88604 | Slime:5  | Got a slimy rune of Zot
 88633 | Slime:5  | Got a pitted leather armour
 88634 | Slime:5  | Identified the +1 leather armour of Pessimism {-Cast rC+
                  | Str+4 SInv} (You found it on level 5 of the Pits of Slime)
 89133 | Zot:1    | Entered Level 1 of the Realm of Zot
 89929 | Orc:2    | Bought a wand of digging (5) for 234 gold pieces
 89929 | Orc:2    | Bought a wand of clouds (4) for 312 gold pieces
 89929 | Orc:2    | Bought a wand of clouds (6) for 390 gold pieces
 89929 | Orc:2    | Bought a wand of enslavement (5) for 91 gold pieces
 89929 | Orc:2    | Bought a wand of paralysis (5) for 91 gold pieces
 89962 | Orc:2    | Bought a potion of haste for 120 gold pieces
 89962 | Orc:2    | Bought a scroll of blinking for 90 gold pieces
 90029 | D:11     | Bought a potion of curing for 42 gold pieces
 90029 | D:11     | Bought a potion of resistance for 140 gold pieces
 90083 | D:10     | Bought a potion of haste for 160 gold pieces
 90083 | D:10     | Bought a potion of curing for 48 gold pieces
 90083 | D:10     | Bought a potion of curing for 48 gold pieces
 90083 | D:10     | Bought a potion of cancellation for 128 gold pieces
 90159 | D:8      | Bought a potion of curing for 69 gold pieces
 90693 | Zot:2    | Reached XP level 27. HP: 199/237 MP: 36/51
 91549 | Zot:5    | Entered Level 5 of the Realm of Zot
 91771 | Zot:5    | Noticed an ancient lich
 91771 | Zot:5    | Noticed an ancient lich
 91771 | Zot:5    | Noticed an ancient lich
 91771 | Zot:5    | Noticed an orb of fire
 91771 | Zot:5    | Noticed an ancient lich
 91771 | Zot:5    | Noticed an ancient lich
 91772 | Zot:5    | Noticed an ancient lich
 91772 | Zot:5    | Noticed an orb of fire
 91772 | Zot:5    | Killed an ancient lich
 91772 | Zot:5    | Gained mutation: You are clumsy. (Dex -2) [an orb of fire]
 91773 | Zot:5    | Gained mutation: You are very clumsy. (Dex -4) [an orb of
                  | fire]
 91776 | Zot:5    | Killed an orb of fire
 91777 | Zot:5    | Killed an orb of fire
 91778 | Zot:5    | Killed an ancient lich
 91780 | Zot:5    | Killed an ancient lich
 91783 | Zot:5    | Killed an ancient lich
 91789 | Zot:5    | Killed an ancient lich
 91811 | Zot:5    | Killed an ancient lich
 91829 | Zot:5    | Noticed an ancient lich
 91830 | Zot:5    | Killed an ancient lich
 91843 | Zot:5    | Noticed an ancient lich
 91846 | Zot:5    | Killed an ancient lich
 92124 | Zot:5    | Noticed an ancient lich
 92124 | Zot:5    | Noticed an ancient lich
 92126 | Zot:5    | Killed an ancient lich
 92127 | Zot:5    | Killed an ancient lich
 92260 | Zot:5    | Noticed an ancient lich
 92262 | Zot:5    | Killed an ancient lich
 92267 | Zot:5    | Noticed an orb of fire
 92278 | Zot:5    | Noticed an ancient lich
 92280 | Zot:5    | Killed an ancient lich
 92283 | Zot:5    | Noticed an orb of fire
 92284 | Zot:5    | Killed an orb of fire
 92286 | Zot:5    | Killed an orb of fire
 92421 | Zot:5    | Reached skill level 25 in Spellcasting
 92475 | Zot:5    | Noticed an orb of fire
 92477 | Zot:5    | Killed an orb of fire
 92822 | Zot:5    | Lost mutation: You are very clumsy. (Dex -4) [potion of
                  | mutation]
 92822 | Zot:5    | Lost mutation: You are clumsy. (Dex -2) [potion of
                  | mutation]
 92822 | Zot:5    | Gained mutation: You are dopey. (Int -2) [potion of
                  | mutation]
 92822 | Zot:5    | Gained mutation: You are somewhat resistant to further
                  | mutation. [potion of mutation]
 92823 | Zot:5    | Lost mutation: You are dopey. (Int -2) [potion of mutation]
 92823 | Zot:5    | Lost mutation: You are somewhat resistant to further
                  | mutation. [potion of mutation]
 92823 | Zot:5    | Gained mutation: You have a pair of small antennae on your
                  | head. [potion of mutation]
 92823 | Zot:5    | Gained mutation: You have sharp toenails. [potion of
                  | mutation]
 92824 | Zot:5    | Lost mutation: You have sharp toenails. [potion of
                  | mutation]
 92824 | Zot:5    | Gained mutation: You are frail. (-10% HP) [potion of
                  | mutation]
 92824 | Zot:5    | Gained mutation: Your muscles are strong. (Str +2) [potion
                  | of mutation]
 92825 | Zot:5    | Lost mutation: Your muscles are strong. (Str +2) [potion of
                  | mutation]
 92825 | Zot:5    | Lost mutation: You are frail. (-10% HP) [potion of
                  | mutation]
 92825 | Zot:5    | Gained mutation: Your mind is acute. (Int +2) [potion of
                  | mutation]
 92825 | Zot:5    | Gained mutation: Your muscles are strong. (Str +2) [potion
                  | of mutation]
 92970 | Zot:5    | Got the Orb of Zot
 93090 | Zot:3    | Gained mutation: You occasionally shout uncontrollably at
                  | your foes. [a neqoxec]
 93708 | D:$      | Escaped with the Orb!
